 Dungeon Crawl Stone Soup version 0.31-a0-486-g8d68a81214 (webtiles) character file.

Game seed: 17007466186044960959

263 javelincjr the Ducker (level 5, -11/41 HPs)
             Began as a Demonspawn Gladiator on Aug 7, 2023.
             Killed by nerve-wracking pain
             ... invoked by a shadow imp
              (13 damage)
             ... on level 4 of the Dungeon.
             The game lasted 00:05:26 (2464 turns).

javelincjr the Ducker (Demonspawn Gladiator)        Turns: 2464, Time: 00:05:26

Health: -11/41     AC:  5    Str: 14 (16) XL:     5   Next: 97%
Magic:  5/5        EV: 12    Int:  7 (10) God:
Gold:   208        SH:  5    Dex: 13 (14) Spells: 4/4 levels left

rFire   . . .        l - +2 dagger (speed)
rCold   . . .        (no shield)
rNeg    . . .        b - +0 leather armour
rPois   .            (helmet restricted)
rElec   .            (no cloak)
rCorr   .            (no gloves)
SInv    .            (no boots)
Will    .....        f - amulet of reflection
Stlth   +            j - ring of flight
HPRegen 0.26/turn    (no ring)
MPRegen 0.09/turn

%: reflection
@: flying
A: horns 2, icy blue scales 1
a: no special abilities


You were on level 4 of the Dungeon.
You visited 1 branch of the dungeon, and saw 4 of its levels.

You collected 208 gold pieces.

Inventory:

Hand Weapons
 a - a +0 trident
 l - a +2 dagger of speed (weapon)
Missiles
 d - 3 throwing nets (quivered)
 e - a javelin
Armour
 b - a +0 leather armour (worn)
 c - a +0 helmet
Jewellery
 f - an amulet of reflection (around neck)
 j - a ring of flight (left hand)
Wands
 r - a wand of quicksilver (12)
Scrolls
 g - 2 scrolls of noise {unknown}
 h - 2 scrolls of vulnerability {unknown}
 i - 2 scrolls of immolation {unknown}
 k - 3 scrolls of identify {unknown}
 m - 2 scrolls of revelation {unknown}
 n - a scroll of enchant armour {unknown}
 o - 2 scrolls of teleportation {unknown}
Potions
 p - 2 potions of degeneration
 q - a potion of invisibility {unknown}
 s - a potion of attraction {unknown}


   Skills:
 + Level 3.4 Fighting
 + Level 3.7 Polearms
 + Level 3.1 Throwing
 + Level 0.8 Armour
 + Level 3.8 Dodging


You had 4 spell levels left.
You didn't know any spells.
Your spell library contained the following spells:

 Spells                   Type           Power      Damage    Failure   Level
 Shock                    Conj/Air       0%         1d3       50%         1
 Swiftness                Air            0%         N/A       86%         3
 Vhi's Electric Charge    Tloc/Air       0%         N/A       86%         3
 Airstrike                Air            0%         2d(0-16)  99%         4
 Arcjolt                  Conj/Air       0%         1d10      100%        5
 Plasma Beam              Fire/Air       0%         2x1d10    100%        6


Dungeon Overview and Level Annotations

Branches:
Dungeon (4/15)
 Temple: D:4-7

Altars:

Shops:
D:4 *


Innate Abilities, Weirdness & Mutations

You have a pair of horns on your head.
You are partially covered in icy blue scales. (AC +2)


Message History

You hit the adder.
The adder is almost dead.
You feel sick. The adder closely misses you.
Something hits you but does no damage. The shadow imp barely misses you.
You miss the adder. Your headbutt misses the adder.
The adder is almost dead.
The adder closely misses you.
You closely miss the adder.
The adder is almost dead.
You feel sick. Something hits you but does no damage.
The shadow imp barely misses you. You block the adder's attack.
You hit the adder but do no damage. You headbutt the adder.
You kill the adder!
You feel sick.
You are no longer poisoned.
The shadow imp hits you. Something hits you.
You closely miss something. You barely miss something. The shadow imp hits you.
* * * LOW HITPOINT WARNING * * *
Something hits you but does no damage.
You hit something. The shadow imp hits you.
* * * LOW HITPOINT WARNING * * *
Something hits you.
* * * LOW HITPOINT WARNING * * *
You closely miss something. You headbutt something. You miss something.
Your headbutt misses something. The shadow imp closely misses you.
Something hits you.
* * * LOW HITPOINT WARNING * * *
You hit something.
Reactivating autopickup.
You feel a bit more experienced. The shadow imp hits you.
* * * LOW HITPOINT WARNING * * *
You hit the shadow imp but do no damage.
The shadow imp hits you but does no damage.
It was a potion of degeneration.
There was something very wrong with that liquid.
You feel weakened.
You feel dopey.
You feel clumsy. The shadow imp gestures at you. Pain shoots through your body!
You die...

.........#. #.....
......8.## #####.... .
......... .#.#.?. ..
....8.8.### ...$# .$.
.....#..##...##...# ..
#..#...##..#....###.#
##..†......##...##...#...
#..<....##....5.).)......
#...##....##....@).)...)..
....#.....##....##........
.#..##.........####.#.....
...##.8.8.8...##....###..
..B##................# .
.#.........8.........#
.#............†.##....
.....8.....8..# ...
..##..........<. ..


You could see a shadow imp.

Vanquished Creatures
  2 hounds
  An orc priest (D:3)
  An orc wizard (D:4)
  4 adders
  An ufetubus (D:4)
  4 worms (D:2)
  5 dart slugs
  7 orcs
  7 bats
  6 endoplasms
  9 giant cockroaches
  8 goblins
  8 hobgoblins
  8 ball pythons
  2 frilled lizards
  4 kobolds
  3 rats
80 creatures vanquished.

Notes
Turn   | Place    | Note
-------+----------+-------------------------------------------
     0 | D:1      | javelincjr the Demonspawn Gladiator began the quest for the
                  | Orb.
     0 | D:1      | Reached XP level 1. HP: 16/16 MP: 1/1
   126 | D:1      | Gained mutation: You have a pair of small horns on your
                  | head. [demonic ancestry]
   126 | D:1      | Reached XP level 2. HP: 21/22 MP: 2/2
   137 | D:1      | You fall into a shaft and drop 1 floor!
   393 | D:1      | Gained mutation: You are partially covered in icy blue
                  | scales. (AC +2) [demonic ancestry]
   393 | D:1      | Reached XP level 3. HP: 28/28 MP: 3/3
  1097 | D:2      | Reached XP level 4. HP: 33/34 MP: 4/4
  2062 | D:3      | Gained mutation: You have a pair of horns on your head.
                  | [demonic ancestry]
  2062 | D:3      | Reached XP level 5. HP: 30/41 MP: 5/5
  2347 | D:4      | Found Roimiuvy's Gadget Gallery.
  2462 | D:4      | HP: 1/41 [shadow imp (4)]
  2464 | D:4      | Killed from afar by a shadow imp

Illustrated notes

Levels and vault maps discovered:
D:1:      dpeg_arrival_renting, layout_basic, dk_noncrumbling_4
D:2:      minmay_chambers_of_twos, layout_basic, grunt_ministairs_12
D:3:      layout_basic, tso_oasis_becter, nicolae_figureground_sparkle
D:4:      layout_cave_pools, minmay_temple_entry_butterflies,
          serial_column_ruins, column_ruins_grid_4,
          column_ruins_corridor_dead_end, column_ruins_open_tiny,
          column_ruins_grid_1, nicolae_shop_gadgets

Skill      XL: |  1  2  3  4  5 |
---------------+----------------+-----
Throwing       | 2 3 |  3.1
Polearms       | 3 |  3.7
Dodging        | 3 |  3.8
Fighting       | 3 |  3.4
Armour         | |  0.8

Action                     |  1- 3 |  4- 6 || total
---------------------------+-------+-------++-------
  Melee: Trident           |    71 |       ||    71
         Headbutt          |    15 |    33 ||    48
         Dagger            |    65 |   181 ||   246
         Punch             |       |     1 ||     1
    Use: Potion            |       |     1 ||     1
 Armour: Leather armour    |    33 |    39 ||    72
  Dodge: Dodged            |    67 |    99 ||   166
  Block: Other             |    23 |    23 ||    46

Table legend: (Time is in decaauts)
 A = Elapsed time spent in this place.
 B = Non-inter-level travel time spent in this place.
 C = Inter-level travel time spent in this place.
 D = Time resting spent in this place.
 E = Time spent auto-exploring this place.
 F = Levels seen in this place.
 G = Mean time per level.
                   A        B        C        D        E       F      G
               +--------+--------+--------+--------+--------+-----+--------+
         Total |   2390 |   2322 |     68 |      0 |   1821 |   4 |  597.5 |
       Dungeon |   2390 |   2322 |     68 |      0 |   1821 |   4 |  597.5 |
               +--------+--------+--------+--------+--------+-----+--------+

Top non-repeatable levels by time:
     D:2: 837 daAuts
     D:1: 778 daAuts
     D:3: 679 daAuts
     D:4: 94 daAuts
